 Dungeon Crawl Stone Soup version 0.28-b1-25-g9875b3fc8c (webtiles) character file.

Game seed: 14109536858670021463

393000 wakim the Slayer (level 24, -28/208 HPs)
             Began as a Djinni Conjurer on Feb 6, 2022.
             Was a High Priest of Ashenzari.
             Killed by an exploding fulminant prism (67 damage)
             ... on level 5 of the Pits of Slime on Feb 8, 2022.
             The game lasted 04:56:13 (93221 turns).

wakim the Slayer (Djinni Conjurer)                 Turns: 93221, Time: 04:56:14

Health: -28/208    AC: 11    Str:  6    XL:     24   Next: 23%
Gold:   4041       EV: 41    Int: 40    God:    Ashenzari [*****.] SH:  0 Dex: 18

rFire   + + .      SeeInvis +   a - +8 storm bow {elec, penet, Self, Range} (curse)
rCold   . . .      Faith    .   (shield currently unavailable)
rNeg    + + .      Spirit   .   K - +1 leather armour "Secrets of the Sky" {Drain rC+ Dex+3, Self, Cun} (curse)
rPois   ∞          Reflect  .   s - +2 hat "Levity of Ashenzari" {Cun, Range} (curse)
rElec   +          Harm     .   i - +2 cloak {Will+}
rCorr   +          Rampage  .   o - +1 pair of gloves of the Chained Sophism {rElec MP+9, Self, Cun} (curse)
Will    +++..      Clarity  +   (boots unavailable)
Stlth   +++++++...              c - amulet of Supernal Gnosis {Acrobat rN++ rCorr Int+5 Dex+2, Range, Cun} (curse)
HPRegen 0.44/turn               b - ring of Supernal Wisdom {EV+4, Cun, Range} (curse)
MPRegen 0.00/turn               g - +6 ring of intelligence

@: acrobatic, flying, studying Axes
A: sickness immunity, fire resistance 2, cold vulnerability 1, float, innate
caster, HP casting, extra vitality 1, clumsy 1, no potion heal 1
}: 2/15 runes: barnacled, gossamer
a: Renounce Religion, Curse Item, Shatter the Chains


You were on level 5 of the Pits of Slime.
You worshipped Ashenzari.
Ashenzari was extremely pleased with you.
You visited 9 branches of the dungeon, and saw 44 of its levels.
You visited the Abyss 5 times.
You also visited: Bailey and Wizlab.

You collected 5364 gold pieces.
You spent 1323 gold pieces at shops.

Inventory:

Hand Weapons
 a - the cursed +8 storm bow (weapon) {elec, penet, Self, Range}
   (You found it on level 1 of the Orcish Mines)

   Any ammunition fired from it occasionally discharges a powerful burst of
   electricity upon striking a foe.
   Any ammunition fired by it passes through the targets it hits, potentially
   hitting all targets in its path until it reaches maximum range.
   It has a curse which improves the following skills: Introspection: Fighting
   and Spellcasting.
   Ranged Combat: Slings, Bows, Crossbows and Throwing.
Missiles
 k - 786 arrows (quivered ammo)
 P - 6 throwing nets {=f!f}
Armour
 i - a +2 cloak of willpower (worn)
 o - the cursed +1 pair of gloves of the Chained Sophism (worn) {rElec MP+9, Self, Cun}
   (You acquired it on level 2 of the Spider Nest)

   rElec:     It insulates you from electricity.
   MP:        It affects your magic capacity (+9).
   It has a curse which improves the following skills: Introspection: Fighting
   and Spellcasting.
   Cunning:   Dodging and Stealth.
 s - the cursed +2 hat "Levity of Ashenzari" (worn) {Cun, Range}
   (You took it off Gastronok on level 10 of the Dungeon)

   It has a curse which improves the following skills: Cunning: Dodging and
   Stealth.
   Ranged Combat: Slings, Bows, Crossbows and Throwing.
 K - the cursed +1 leather armour "Secrets of the Sky" (worn) {Drain rC+ Dex+3, Self, Cun}
   (You took it off an orc on level 4 of the Dungeon)

   Dex:       It affects your dexterity (+3).
   rC:        It protects you from cold.
   Drain:     It drains your maximum health when unequipped.
   It has a curse which improves the following skills: Introspection: Fighting
   and Spellcasting.
   Cunning:   Dodging and Stealth.
Jewellery
 b - the cursed ring of Supernal Wisdom (left hand) {EV+4, Cun, Range}
   (You found it on level 3 of the Lair of Beasts)

   [ring of evasion]

   EV:        It affects your evasion (+4).
   It has a curse which improves the following skills: Cunning: Dodging and
   Stealth.
   Ranged Combat: Slings, Bows, Crossbows and Throwing.
 c - the cursed amulet of Supernal Gnosis (around neck) {Acrobat rN++ rCorr Int+5 Dex+2, Range, Cun}
   (You bought it in a shop on level 14 of the Dungeon)

   [amulet of the acrobat]

   It increases your evasion while moving and waiting.
   Int:       It affects your intelligence (+5).
   Dex:       It affects your dexterity (+2).
   rN:        It greatly protects you from negative energy.
   rCorr:     It protects you from acid and corrosion.
   It has a curse which improves the following skills: Ranged Combat: Slings,
   Bows, Crossbows and Throwing.
   Cunning:   Dodging and Stealth.
 d - a +4 ring of evasion
 g - a +6 ring of intelligence (right hand)
 h - a ring of protection from fire
 n - a +4 ring of protection
 G - a ring of wizardry
Wands
 p - a wand of iceblast (48)
 r - a wand of polymorph (16)
 t - a wand of digging (10)
 v - a wand of flame (72)
 w - a wand of acid (19)
 x - a wand of charming (3)
 y - a wand of paralysis (22)
Scrolls
 j - a scroll of torment {!r}
 u - a scroll of enchant armour
 Q - 3 scrolls of immolation {!r!r}
 R - 6 scrolls of magic mapping {!r}
 S - a scroll of summoning
 T - 10 scrolls of teleportation
 U - 5 scrolls of fear
 W - 2 scrolls of holy word
 X - 3 scrolls of fog
 Y - a scroll of blinking {!r}
 Z - 3 scrolls of silence {!r}
Potions
 A - 2 potions of ambrosia
 B - 8 potions of attraction {!q}
 C - a potion of berserk rage {!q}
 D - 4 potions of brilliance
 E - 4 potions of cancellation
 F - 11 potions of curing
 H - a potion of haste
 I - 4 potions of invisibility
 J - 5 potions of heal wounds
 L - 5 potions of lignification {!q}
 M - 6 potions of mutation {!q}
 N - 11 potions of might
 O - 3 potions of resistance
Miscellaneous
 l - a condenser vane
 m - a phantom mirror
 z - a box of beasts
 V - a piece from Xom's chessboard (15/15)


   Skills:
 * Level 23.0(27) Fighting
 + Level 15.5(20.9) Bows
 - Level 11.3(17.7) Dodging
 + Level 11.7(18.1) Stealth
 * Level 19.3(23.5) Spellcasting
 - Level 2.8 Evocations


You had 5 spell levels left.
You knew the following spells:

 Your Spells              Type           Power      Damage    Failure   Level
a - Magic Dart            Conj           100%       1d8       0%          1
b - Dazzling Flash        Conj/Hex       100%       N/A       0%          3
c - Sting                 Tmut/Pois      100%       1d8       0%          1
d - Corpse Rot            Necr/Air       100%       N/A       0%          2
e - Summon Guardian Gole  Hex/Summ       100%       N/A       0%          3
f - Freezing Cloud        Conj/Ice/Air   62%        6-21      0%          5
g - Silence               Hex/Air        62%        N/A       0%          5
h - Simulacrum            Ice/Necr       62%        N/A       0%          6
i - Death Channel         Necr           62%        N/A       0%          6
j - Summon Cactus Giant   Summ           62%        N/A       0%          6
k - Haunt                 Necr/Summ      62%        N/A       1%          7
l - Enfeeble              Hex            62%        N/A       1%          7
q - Vampiric Draining     Necr           100%       2d13      0%          3
s - Searing Ray           Conj           100%       2d8       0%          2
x - Iskenderun's Mystic   Conj/Tloc      100%       2d19      0%          4
z - Fulminant Prism       Conj/Hex       62%        3d27      0%          4
Your spell library was empty.

Dungeon Overview and Level Annotations

Branches:
Dungeon (15/15)            Temple (1/1) D:4            Lair (6/6) D:8
 Shoals (4/4) Lair:2       Spider (4/4) Lair:4        Slime (5/5) Lair:5
    Orc (2/2) D:11            Elf (3/3) Orc:2        Vaults (0/5) D:14
 Depths (4/4) D:15            Zot (0/5) Depths:4     Bailey (visited)
 WizLab (visited)

Altars:
Ashenzari
Cheibriados
Dithmenos
Elyvilon
Fedhas
Gozag
Hepliaklqana
Kikubaaqudgha
Makhleb
Nemelex Xobeh
Okawaru
Qazlal
Ru
Sif Muna
Trog
Uskayaw
Vehumet
Wu Jian
Xom
Yredelemnul
Zin
The Shining One
Beogh
Jiyva
Lugonu

Shops:
D:13 :   D:14 *   Orc:2 [*[[   Elf:1 *   Elf:2 (   Depths:2 [   Depths:4 ::=

Portals:
Hell: Depths:1 Depths:2 Depths:3 Depths:4
Abyss: Lair:1 Depths:2 Depths:3 Depths:4
Pandemonium: Depths:2
Ziggurat: Depths:3
Trove: D:14 (give 8 potions of haste)

Annotations:
Slime:5 Royal Jelly
Depths:2 exclusion: 2 doors


Innate Abilities, Weirdness & Mutations

You are immune to sickness and miasma.
You are immune to poison.
Your flesh is very heat resistant. (rF++)
You are vulnerable to cold. (rC-)
You float through the air rather than walking.
You learn spells naturally, not from books.
Your magical power is your life essence.
You have superior vitality. (+4 MHP)
You are clumsy. (Dex -2)
Potions are less effective at restoring your health.


Message History

Confirm with . or Enter, or press ? or * to list all spells.
Aiming: Fulminant Prism (safe; 0% risk of failure)
Press: ? - help, Dir - move target You conjure a prism of explosive energy!
* * * LOW HITPOINT WARNING * * *
A fulminant prism comes into view.
Your fulminant prism crackles loudly.
The azure jelly jiggles.
Your fulminant prism explodes!
The blast of energy engulfs the rockslime!!
The rockslime is moderately wounded.
The blast of energy engulfs the azure jelly!!!
You kill the azure jelly!
That felt strangely unrewarding.
Your fulminant prism crackles loudly.
Your fulminant prism explodes!
The blast of energy engulfs the rockslime!!
The rockslime is severely wounded.
Casting: Fulminant Prism (safe; 0% risk of failure)
Confirm with . or Enter, or press ? or * to list all spells.
Aiming: Fulminant Prism (safe; 0% risk of failure)
Press: ? - help, Dir - move target You conjure a prism of explosive energy!
* * * LOW HITPOINT WARNING * * *
A fulminant prism comes into view.
Casting: Fulminant Prism (safe; 0% risk of failure)
Confirm with . or Enter, or press ? or * to list all spells.
Aiming: Fulminant Prism (safe; 0% risk of failure)
Press: ? - help, Dir - move target You conjure a prism of explosive energy!
* * * LOW HITPOINT WARNING * * *
A fulminant prism comes into view.
Your fulminant prism crackles loudly.
Your fulminant prism explodes!
The blast of energy engulfs the rockslime!!
You kill the rockslime!
Your fulminant prism crackles loudly.
Your fulminant prism explodes!
The blast of energy engulfs you!!!
You die...

##....................##?(
#....................###}
#...................#####
##.....................#.
##.................##...
#..................####
##.................###$
#.................###([
##....@...........###?"
##................###$
##..................##
#............(.......#
#.#....(.....(........
##....................
#.###................. ##
#...........J.....
#.#...............


There were no monsters in sight!

Vanquished Creatures
  Frederick (Depths:4)
  2 golden dragons
  3 liches (Depths:2)
  A tentacled monstrosity (Depths:2)
  A walking crystal tome (Depths:2)
  2 deep elf blademasters (Elf:3)
  A deep elf master archer (Elf:3)
  13 acid blobs
  A sphinx (Depths:2)
  A kraken (Shoals:4)
  Polyphemus (Shoals:2)
  Gastronok (D:10)
  2 tengu reavers (Depths:2)
  A draconian monk (Depths:4)
  4 fire giants (Depths:2)
  Ilsuiw (Shoals:2)
  10 emperor scorpions
  8 azure jellies (Slime:5)
  3 deep elf sorcerers
  8 rockslimes
  A frost giant (Depths:2)
  9 ghost moths
  2 draconian stormcallers
  2 deep elf elementalists (Elf:2)
  10 quicksilver oozes
  8 very ugly things
  5 stone giants
  A green draconian (Depths:4)
  3 deep elf demonologists
  3 broodmothers
  2 vampire knights
  6 deep elf annihilators
  A black draconian (Depths:4)
  Azrael (D:14)
  2 yellow draconians (Depths:4)
  A lorocyproca (Abyss:3)
  An entropy weaver (Spider:4)
  5 purple draconians (WizLab)
  6 deep elf death magi
  6 spark wasps
  The ghost of Suckerboh the Basher, a journeyman GrFi of Gozag (Lair:3)
  3 merfolk javelineers (Shoals:4)
  10 ettins
  7 fire dragons
  A yaktaur captain (Depths:4)
  3 merfolk impalers
  2 jiangshi (Depths:1)
  A quicksilver dragon zombie (Depths:3)
  7 deep elf high priests
  9 great orbs of eyes
  A rakshasa (Depths:1)
  A servant of whispers (Elf:2)
  7 ice dragons
  4 boulder beetles
  Harold (D:7)
  An alligator snapping turtle (Shoals:4)
  The ghost of Bauqient the Spear-Bearer, a journeyman MfSu of Sif Muna (Lair:1)
  9 hydras
  3 merfolk avatars
  A vault guard (D:14)
  A spriggan air mage (Depths:2)
  3 centaur warriors (D:14)
  A radroach (Spider:4)
  3 satyrs
  3 catoblepae
  24 dancing weapons
  9 two-headed ogres
  6 merfolk aquamancers
  3 deep troll shamans
  13 death yaks
  5 tengu warriors
  Urug (Lair:1)
  3 spriggan berserkers (Depths:2)
  A deep troll earth mage (Depths:1)
  4 orc high priests
  2 vampire magi
  A shock serpent (shapeshifter) (Depths:3)
  9 hell knights (Depths:4)
  2 soul eaters (Depths:2)
  2 titan zombies
  Sonja (D:10)
  2 pharaoh ants (Spider:4)
  4 iron trolls (Depths:1)
  7 sea snakes
  A sixfirhy (Depths:2)
  A spatial maelstrom (Abyss:3)
  9 skeletal warriors
  22 deep elf knights
  A flayed ghost (Depths:3)
  2 glowing orange brains
  3 lindwurms
  12 steelbarb worms
  A shadow dragon zombie (Depths:3)
  7 deep trolls
  10 necromancers
  15 deep elf archers
  16 orb spiders
  5 orc knights
  34 deep elf pyromancers
  6 harpies
  A fire giant zombie (D:15)
  A shining eye (Slime:5)
  2 stone giant zombies (Orc:1)
  32 deep elf zephyrmancers
  6 manticores
  22 ugly things
  15 fauns
  5 orc sorcerers (Orc:2)
  26 wolf spiders
  5 moths of wrath
  18 cyclopes
  A large abomination (Abyss:3)
  A guardian serpent (Abyss:3)
  A salamander (Depths:4)
  A stone giant skeleton (D:15)
  A worldbinder (Lair:1)
  4 rust devils
  A fire giant skeleton (D:15)
  3 black mambas
  8 merfolk sirens
  A smoke demon (Depths:2)
  Joseph (D:8)
  5 elephants
  A guardian serpent (shapeshifter) (Elf:1)
  7 water nymphs
  An orange demon (Depths:2)
  15 cane toads
  2 gargoyles (D:12)
  5 torpor snails
  2 unseen horrors
  2 eyes of devastation
  Maggie (D:10)
  2 efreet (D:15)
  12 komodo dragons
  13 demonic crawlers
  3 rime drakes
  13 tengu conjurers
  2 red devils (Depths:2)
  3 polar bears
  5 trolls
  4 wind drakes
  A hornet (Depths:2)
  24 meliai
  22 merfolk
  87 slime creatures
  8 raiju
  24 tarantellas
  3 saltlings (Elf:2)
  13 blink frogs
  5 dream sheep
  7 snapping turtles
  2 spriggans
  2 air elementals
  22 water elementals
  A culicivora (shapeshifter) (D:13)
  26 jumping spiders
  4 shadows
  3 wyverns
  17 culicivoras
  Sigmund (D:5)
  A basilisk (shapeshifter) (D:13)
  Eustachio (D:6)
  19 humans (D:14)
  A vampire (D:13)
  4 basilisks
  5 fire elementals
  52 redbacks
  8 vampire mosquitoes
  3 golden eyes
  21 yaks
  A steam dragon (D:9)
  A golden eye (shapeshifter) (Elf:1)
  A neqoxec (Abyss:2)
  2 chaos spawn
  Menkaure (D:5)
  6 wargs
  3 acid dragons
  Duvessa (D:4)
  2 hell hounds (D:14)
  12 water moccasins
  2 floating eyes (Depths:2)
  A sky beast (D:6)
  34 orc warriors
  An ice beast (D:3)
  3 black bears
  A necrophage (D:7)
  46 wolves
  19 ogres
  3 boggarts (D:13)
  3 centaurs
  2 kobold brigands
  11 bullfrogs
  A cyclops zombie (Orc:1)
  2 earth elementals
  4 small abominations (Abyss:3)
  A scorpion (D:6)
  A wyvern zombie (D:7)
  Dowan (D:4)
  A water moccasin skeleton (D:5)
  9 wights
  10 electric eels
  4 centaur zombies
  2 howler monkeys
  10 jellies
  25 orc priests
  9 hounds
  2 centaur skeletons
  2 iguanas
  19 orc wizards
  A scorpion zombie (D:5)
  5 hell rats (Lair:6)
  A howler monkey zombie (D:9)
  7 gnolls
  6 adders
  A shadow imp (D:7)
  2 white imps
  An ufetubus (D:5)
  An adder skeleton (D:4)
  A worm (shapeshifter) (D:14)
  4 worms
  3 dart slugs
  91 orcs
  12 ball pythons
  17 endoplasms
  5 giant cockroaches
  11 goblins
  12 hobgoblins
  11 jackals
  23 kobolds
  5 quokkas
  2 bats
  3 frilled lizards
  3 rats
  A spectral goblin (D:8)
  A bush (Lair:5)
  2 fulminant prisms
  2 lurking horrors
  2 tentacles (Shoals:4)
1604 creatures vanquished.

Vanquished Creatures (collateral kills)
  Saint Roka (Orc:2)
  3 deep elf master archers (Elf:3)
  2 titans
  An acid blob (Slime:4)
  A shadow dragon (Depths:4)
  Frances (Shoals:1)
  3 azure jellies
  A fire giant (Depths:3)
  Roxanne (Elf:3)
  A frost giant (Depths:3)
  4 deep elf sorcerers
  A draconian scorcher (WizLab)
  3 deep elf elementalists (Elf:3)
  A stone giant (Depths:4)
  2 quicksilver oozes (Slime:5)
  Nessos (Orc:2)
  4 deep elf demonologists
  A yellow draconian (Depths:4)
  6 purple draconians (WizLab)
  2 spark wasps (Depths:3)
  9 statues (WizLab)
  2 deep elf high priests (Elf:3)
  3 ice dragons
  An alligator snapping turtle (Shoals:3)
  5 dancing weapons
  A hell knight (Depths:4)
  A deep elf knight (Elf:2)
  An iron troll (Depths:4)
  A deep elf pyromancer (Elf:2)
  A deep elf zephyrmancer (Elf:3)
  5 shining eyes
  2 tengu conjurers (WizLab)
  A wind drake (Shoals:1)
  4 slime creatures
  A human (D:14)
  A jelly (Slime:1)
  2 orc priests (Orc:2)
81 creatures vanquished.

Vanquished Creatures (others)
  Louise (D:14)
  A deep elf knight (Elf:1)
  A hell knight (Depths:4)
  An orb spider (Spider:2)
  A steelbarb worm (Spider:4)
  A jumping spider (Spider:2)
  A culicivora (Spider:2)
  2 redbacks (Spider:2)
  An ogre (D:7)
  A bush (Depths:4)
  170 fulminant prisms
  33 fungi
  301 plants
  2 tentacles (Shoals:4)
  6 withered plants (D:15)
523 creatures vanquished.

Grand Total: 2208 creatures vanquished

Notes
Turn   | Place    | Note
-------+----------+-------------------------------------------
     0 | D:1      | wakim the Djinni Conjurer began the quest for the Orb.
     0 | D:1      | Reached XP level 1. HP: 15/15 MP: 0/0
   304 | D:1      | Reached skill level 1 in Fighting
   304 | D:1      | Reached XP level 2. HP: 8/22 MP: 0/0
   934 | D:1      | Reached XP level 3. HP: 27/27 MP: 0/0
   934 | D:1      | Learned a level 1 spell: Sting
  1445 | D:2      | Reached skill level 2 in Fighting
  1540 | D:2      | Reached XP level 4. HP: 28/33 MP: 0/0
  2909 | D:3      | Found a faded altar of an unknown god.
  2979 | D:3      | Reached XP level 5. HP: 39/40 MP: 0/0
  2979 | D:3      | Learned a level 2 spell: Corpse Rot
  2992 | D:3      | Reached skill level 3 in Fighting
  3345 | D:3      | Reached XP level 6. HP: 41/47 MP: 0/0
  3350 | D:3      | !bestwep
  3355 | D:3      | Noticed an ice beast
  3363 | D:3      | Killed an ice beast
  3364 | D:3      | Reached skill level 4 in Fighting
  3581 | D:3      | Found a sacrificial altar of Ru.
  4132 | D:4      | Reached XP level 7. HP: 39/53 MP: 0/0
  4132 | D:4      | Learned a level 3 spell: Vampiric Draining
  4239 | D:4      | Reached skill level 5 in Spellcasting
  4474 | D:4      | Reached skill level 5 in Fighting
  4944 | D:4      | Identified the +1 leather armour "Luyc" {Drain rC+ Dex+3}
  5149 | D:4      | Reached XP level 8. HP: 57/61 MP: 0/0
  5350 | D:4      | Noticed Duvessa
  5352 | D:4      | Noticed Dowan
  5366 | D:4      | Killed Duvessa
  5367 | D:4      | Reached skill level 6 in Fighting
  5379 | D:4      | Killed Dowan
  5799 | D:4      | Found a staircase to the Ecumenical Temple.
  5806 | Temple   | Entered the Ecumenical Temple
  6222 | D:5      | Entered Level 5 of the Dungeon
  6226 | D:5      | Noticed a two-headed ogre
  6291 | D:5      | Noticed Sigmund
  6334 | D:5      | Killed Sigmund
  6439 | D:5      | Noticed Menkaure
  6550 | D:5      | Noticed a wyvern
  6555 | D:5      | Killed a wyvern
  6556 | D:5      | Reached skill level 7 in Fighting
  6743 | D:5      | Killed Menkaure
  6744 | D:5      | Reached XP level 9. HP: 63/68 MP: 0/0
  6744 | D:5      | Learned a level 3 spell: Summon Guardian Golem
  6851 | D:5      | Killed a two-headed ogre
  6852 | D:5      | Reached skill level 8 in Fighting
  8015 | D:6      | Reached skill level 9 in Fighting
  8604 | D:6      | Noticed Eustachio
  8626 | D:6      | Killed Eustachio
  8627 | D:6      | Reached XP level 10. HP: 47/78 MP: 0/0
  9636 | D:7      | Reached skill level 10 in Fighting
 10216 | D:7      | Noticed Harold
 10223 | D:7      | Killed Harold
 10965 | D:8      | Noticed Joseph
 11341 | D:8      | Noticed a two-headed ogre
 11354 | D:8      | Killed a two-headed ogre
 11355 | D:8      | Reached skill level 11 in Fighting
 11355 | D:8      | Reached XP level 11. HP: 79/87 MP: 0/0
 11355 | D:8      | Learned a level 5 spell: Freezing Cloud
 11815 | D:8      | Found a staircase to the Lair.
 11866 | D:8      | Killed Joseph
 12488 | D:8      | Found a broken altar of Ashenzari.
 12510 | D:8      | Became a worshipper of Ashenzari the Shackled
 12683 | D:8      | Found a hazy altar of Hepliaklqana.
 12990 | D:8      | Found the +5 robe of Night {Dark Will+ SInv}
 13425 | D:9      | Noticed a two-headed ogre
 13432 | D:9      | Killed a two-headed ogre
 13433 | D:9      | Reached skill level 12 in Fighting
 13433 | D:9      | Reached skill level 10 in Spellcasting
 14422 | D:9      | Noticed a two-headed ogre
 14426 | D:9      | Killed a two-headed ogre
 14742 | D:10     | Entered Level 10 of the Dungeon
 14752 | D:10     | Noticed Maggie
 14756 | D:10     | Killed Maggie
 14789 | D:10     | Found a flagged portal.
 14815 | Bailey   | Entered a bailey
 14989 | Bailey   | Noticed an orc knight
 14998 | Bailey   | Killed an orc knight
 15013 | Bailey   | Found a large runed translucent door.
 15013 | Bailey   | Found a large runed translucent door.
 15177 | Bailey   | Identified the ring of Zyhiav {Fly Str+2}
 15177 | Bailey   | Noticed a deep elf pyromancer
 15225 | Bailey   | Killed a deep elf pyromancer
 15368 | D:10     | Noticed Sonja
 15376 | D:10     | Killed Sonja
 15377 | D:10     | Reached XP level 12. HP: 62/98 MP: 0/0
 15670 | D:10     | Identified the +7 quarterstaff "Doehe" {vorpal, rPois
                  | Will+}
 15674 | D:10     | !bestwep
 15820 | D:10     | Reached * piety under Ashenzari
 15916 | D:10     | Reached skill level 13 in Fighting
 16019 | D:10     | Noticed a two-headed ogre
 16024 | D:10     | Killed a two-headed ogre
 16065 | D:10     | Noticed Gastronok
 16083 | D:10     | Killed Gastronok
 16502 | D:10     | Noticed a catoblepas
 16514 | D:10     | Killed a catoblepas
 17174 | Lair:1   | Entered Level 1 of the Lair of Beasts
 17206 | Lair:1   | Reached skill level 5 in Dodging
 17247 | Lair:1   | Found a transporter.
 17442 | Lair:1   | Found a transporter.
 17446 | Lair:1   | Found a one-way gate to the infinite horrors of the Abyss.
 17446 | Lair:1   | Noticed Bauqient's ghost (journeyman MfSu)
 17657 | Lair:1   | Reached ** piety under Ashenzari
 17691 | Lair:1   | Noticed Urug
 17699 | Lair:1   | Killed Urug
 18812 | Lair:2   | Reached XP level 13. HP: 104/108 MP: 0/0
 18812 | Lair:2   | Learned a level 5 spell: Silence
 18835 | Lair:2   | Found a staircase to the Shoals.
 19224 | Lair:2   | Noticed a five-headed hydra
 19236 | Lair:2   | Killed a five-headed hydra
 19297 | Lair:2   | Noticed a five-headed hydra
 19309 | Lair:2   | Killed a five-headed hydra
 19555 | Lair:2   | Noticed a four-headed hydra
 19562 | Lair:2   | Killed a four-headed hydra
 19649 | Lair:2   | Reached *** piety under Ashenzari
 20141 | Lair:3   | Reached skill level 14 in Fighting
 20344 | Lair:3   | Found a transporter.
 20353 | Lair:3   | Found a transporter.
 20363 | Lair:3   | Noticed Suckerboh's ghost (journeyman GrFi)
 20646 | Lair:3   | Noticed an eight-headed hydra
 20652 | Lair:3   | Reached skill level 5 in Stealth
 20652 | Lair:3   | Killed an eight-headed hydra
 20939 | Lair:3   | Noticed a four-headed hydra
 21173 | Lair:4   | Identified the +7 scythe "Qaqohipu" {flame, rN+}
 21563 | Lair:4   | Identified the +5 flail "Deabb" {speed, *Rage rF+ Str+5
                  | SInv}
 21683 | Lair:4   | Noticed an eight-headed hydra
 21693 | Lair:4   | Killed an eight-headed hydra
 21755 | Lair:4   | Found a hole to the Spider Nest.
 22022 | Lair:4   | Reached XP level 14. HP: 111/120 MP: 0/0
 23087 | Lair:5   | Found a staircase to the Slime Pits.
 23515 | Lair:6   | Entered Level 6 of the Lair of Beasts
 23534 | Lair:5   | Reached skill level 15 in Fighting
 25175 | Lair:6   | Reached XP level 15. HP: 90/129 MP: 0/0
 25175 | Lair:6   | Learned a level 6 spell: Simulacrum
 25908 | Lair:1   | Reached skill level 16 in Fighting
 25915 | Lair:1   | Killed Bauqient's ghost
 26237 | Lair:3   | Killed Suckerboh's ghost
 26238 | Lair:3   | Reached skill level 10 in Dodging
 26985 | D:11     | Found a blossoming altar of Fedhas.
 27380 | D:11     | Found a staircase to the Orcish Mines.
 28031 | D:12     | Identified the +4 long sword "Jellyslayer" {elec, rN+++
                  | Will- rCorr Dex-5}
 29467 | D:12     | Reached skill level 1 in Evocations
 29821 | Orc:1    | Entered Level 1 of the Orcish Mines
 31842 | Orc:1    | Identified the +2 robe of Beauty {rElec rN+ Will- Regen+}
 32167 | Orc:1    | Noticed a stone giant
 32180 | Orc:1    | Killed a stone giant
 32439 | Orc:1    | Identified the +1 spear of the Seeker {spect, Str+5 SInv}
 32439 | Orc:1    | Found the +8 storm bow {elec, penet}
 33609 | Orc:2    | Entered Level 2 of the Orcish Mines
 33616 | Orc:2    | Reached skill level 1 in Bows
 33616 | Orc:2    | !bestwep
 33752 | Orc:2    | Found a staircase to the Elven Halls.
 33964 | Orc:2    | Noticed Saint Roka
 34519 | Orc:2    | Reached XP level 16. HP: 121/134 MP: 0/0
 35072 | Orc:2    | Found Lacah's Antique Armour Shoppe.
 35088 | Orc:2    | Paralysed by an orc sorcerer for 4 turns
 35098 | Orc:2    | Reached skill level 17 in Fighting
 35537 | D:13     | !bestwep
 35908 | D:13     | Found Wesewk's Book Shop.
 37542 | D:14     | Noticed Louise
 37552 | D:14     | Cast into level 2 of the Abyss (Louise)
 37598 | Abyss:2  | Gained mutation: You are clumsy. (Dex -2) [a neqoxec]
 37602 | D:14     | Escaped the Abyss
 37630 | D:14     | Cast into level 3 of the Abyss (Louise)
 37664 | Abyss:3  | Found a corrupted altar of Lugonu.
 37705 | Abyss:3  | Noticed a tentacled starspawn
 37761 | Abyss:3  | Noticed a revenant
 37766 | Abyss:3  | Noticed a tentacled starspawn
 37769 | Abyss:3  | Noticed a tentacled starspawn
 37930 | D:14     | Escaped the Abyss
 38446 | D:14     | Found Eguu's Neck Hole.
 38455 | D:14     | Noticed Azrael
 38468 | D:14     | Killed Azrael
 38787 | D:14     | Bought the amulet "Henofog" {Acrobat rN++ rCorr Int+5
                  | Dex+2} for 1152 gold pieces
 38899 | D:14     | !bestwep
 38923 | D:14     | Killed Louise
 38924 | D:14     | Reached skill level 5 in Bows
 39259 | D:14     | Found a gate to the Vaults.
 39384 | D:14     | Found a portal to a secret trove of treasure.
 39683 | D:15     | Entered Level 15 of the Dungeon
 39915 | D:15     | Reached XP level 17. HP: 122/141 MP: 0/0
 39915 | D:15     | Learned a level 6 spell: Death Channel
 40475 | D:15     | Identified the amulet of Aross {Spirit Int+3}
 40523 | D:15     | Found a staircase to the Depths.
 41163 | D:15     | Found a glowing golden altar of the Shining One.
 41484 | Spider:1 | Entered Level 1 of the Spider Nest
 43450 | Spider:1 | Reached skill level 18 in Fighting
 45083 | Spider:2 | Identified 2 scrolls of acquirement
 46138 | Spider:2 | !bestwep
 46646 | Spider:2 | Reached **** piety under Ashenzari
 47661 | Spider:2 | Acquired 634 gold pieces
 47663 | Spider:2 | Acquired the +1 pair of gloves of Restlessness {rElec MP+9}
 47832 | Spider:3 | Reached XP level 18. HP: 153/153 MP: 0/0
 48830 | Spider:3 | Reached skill level 10 in Bows
 48912 | Spider:3 | Reached skill level 15 in Spellcasting
 49452 | Spider:4 | Entered Level 4 of the Spider Nest
 51165 | Spider:3 | HP: 3/154 [emperor scorpion (14)]
 53252 | Spider:4 | Reached skill level 19 in Fighting
 54063 | Spider:4 | Reached XP level 19. HP: 135/160 MP: 0/0
 54063 | Spider:4 | Learned a level 6 spell: Summon Cactus Giant
 54194 | Spider:4 | Got a gossamer rune of Zot
 54487 | Shoals:1 | Entered Level 1 of the Shoals
 55002 | Shoals:1 | Noticed Frances
 55012 | Shoals:1 | Killed Frances
 55758 | Shoals:2 | !bestwep
 55935 | Shoals:2 | Noticed Polyphemus
 55948 | Shoals:2 | Killed Polyphemus
 55964 | Shoals:2 | Noticed Ilsuiw
 55979 | Shoals:2 | Killed Ilsuiw
 58478 | Shoals:4 | Entered Level 4 of the Shoals
 60659 | Shoals:4 | Reached ***** piety under Ashenzari
 61815 | Shoals:4 | Got a barnacled rune of Zot
 62424 | Depths:1 | Entered Level 1 of the Depths
 62503 | Depths:1 | Reached XP level 20. HP: 167/175 MP: 0/0
 63533 | Depths:1 | Found a gateway to Hell.
 63873 | Depths:1 | Reached skill level 20 in Fighting
 64217 | Depths:2 | Found Vueghor's Antique Armour Boutique.
 64457 | Depths:2 | Noticed a walking crystal tome
 64467 | Depths:2 | Killed a walking crystal tome
 64566 | Depths:2 | Identified the amulet "Tibat" {Acrobat Will+ MP+9 Dex+6
                  | Stlth+}
 64576 | Depths:2 | Noticed a golden dragon
 65438 | Depths:2 | Identified the +6 arbalest of Immorality {freeze, SInv
                  | Stlth+}
 65438 | Depths:2 | Identified the Papyrus of Dislocated Attacks
 65595 | Depths:2 | Noticed a tentacled monstrosity
 65603 | Depths:2 | Killed a tentacled monstrosity
 66116 | Depths:2 | Found a one-way gate leading to the halls of Pandemonium.
 66640 | Depths:2 | Killed a golden dragon
 67328 | Depths:3 | Reached XP level 21. HP: 162/184 MP: 0/0
 67328 | Depths:3 | Learned a level 7 spell: Haunt
 68955 | Depths:3 | Found a one-way gateway to a ziggurat.
 69325 | Depths:4 | Entered Level 4 of the Depths
 69672 | Depths:4 | Found a magical portal.
 69683 | WizLab   | Entered Iskenderun's Mystic Tower
 70384 | WizLab   | Found the +3 sling "Punk" {acid, rCorr}
 70397 | WizLab   | Reached skill level 21 in Fighting
 71089 | WizLab   | Identified Iskenderun's Handbook of Attacks
 71089 | WizLab   | Identified Iskenderun's Almanac of Conjuration
 71730 | Depths:4 | Noticed Frederick
 71970 | Depths:4 | Killed Frederick
 72507 | Depths:4 | Found a gate to the Realm of Zot.
 72537 | Depths:4 | Found a corrupted altar of Lugonu.
 73030 | Depths:4 | Noticed a golden dragon
 73039 | Depths:4 | Killed a golden dragon
 73451 | Depths:4 | Found an opulent altar of Gozag.
 73647 | Depths:4 | !bestwep
 73766 | Depths:4 | Found Liufor's Jewellery Emporium.
 73766 | Depths:4 | Found Mobu Saotar's Book Shop.
 73767 | Depths:4 | Found Amuratup's Book Shop.
 74194 | Orc:2    | Killed Saint Roka
 74195 | Orc:2    | Reached XP level 22. HP: 81/193 MP: 0/0
 74636 | Orc:2    | Found Decenab's Armour Shop.
 74650 | Orc:2    | Bought a glimmering cloak for 171 gold pieces
 74650 | Orc:2    | Identified the +0 cloak of the Ladybird {rPois Dex+7} (You
                  | bought it in a shop on level 2 of the Orcish Mines)
 74653 | Orc:2    | Found Cugism's General Store.
 74658 | Orc:2    | Found Goigh's Armour Shoppe.
 74845 | Orc:2    | Noticed Nessos
 74855 | Orc:2    | Killed Nessos
 75062 | Elf:1    | Entered Level 1 of the Elven Halls
 75215 | Elf:1    | Reached skill level 22 in Fighting
 75296 | Elf:1    | Found Apnoumai's General Store.
 76842 | Elf:2    | Found Dugek's Weapon Shoppe.
 76979 | Elf:2    | Found a runed translucent gate.
 76980 | Elf:2    | Found a runed translucent gate.
 77456 | Elf:2    | Found a runed translucent gate.
 77535 | Elf:2    | Identified the +8 chain mail "Koevesyu" {+Blink rC+++ Int-4
                  | SInv}
 79636 | Elf:3    | Entered Level 3 of the Elven Halls
 79636 | Elf:3    | Noticed Roxanne
 79647 | Elf:3    | Killed Roxanne
 79816 | Elf:3    | Reached skill level 10 in Stealth
 79870 | Elf:3    | Reached XP level 23. HP: 198/201 MP: 0/0
 79870 | Elf:3    | Learned a level 7 spell: Enfeeble
 80943 | Elf:3    | Identified the +11 mace "Baulurou" {vamp, Will+ rCorr}
 80943 | Elf:3    | Identified the +2 scale mail "Kaaluh" {rN+ Str-3 Stlth+}
 81250 | Elf:3    | Reached skill level 15 in Bows
 81560 | Elf:3    | Cast into level 3 of the Abyss (a deep elf demonologist)
 81793 | Abyss:3  | Found a corrupted altar of Lugonu.
 82116 | Elf:3    | Escaped the Abyss
 82414 | Elf:3    | Cast into level 3 of the Abyss (a deep elf sorcerer)
 82490 | Elf:3    | Escaped the Abyss
 82504 | Elf:3    | Identified the +5 battleaxe "Ufext" {flame, rPois Str+8}
 82929 | Elf:3    | Cast into level 3 of the Abyss (a deep elf sorcerer)
 82949 | Elf:3    | Escaped the Abyss
 83658 | Elf:3    | Identified the +1 scimitar "Edid" {pain, rPois rC+++ Will-
                  | Stlth-}
 83659 | Elf:3    | Identified the +5 longbow "Coabb" {vorpal, rC+ Int+4}
 83668 | Elf:3    | Identified the +7 dagger "Vabbarph" {venom, MP+9 Dex-3
                  | SInv}
 83717 | Elf:3    | Identified the +3 ring mail of Truth {Rampage}
 83746 | Elf:3    | Found the +6 arbalest "Damnation" {damnation}
 83750 | Elf:3    | Identified the Disquisition on Attacks
 83848 | Elf:3    | !bestwep
 84696 | Slime:1  | Entered Level 1 of the Pits of Slime
 89974 | Slime:4  | Reached XP level 24. HP: 139/206 MP: 0/0
 91652 | Slime:5  | Entered Level 5 of the Pits of Slime
 91717 | Slime:5  | Gained mutation: Potions are less effective at restoring
                  | your health. [a shining eye]
 92311 | Slime:5  | Identified the +3 morningstar of Propriety {venom, rPois}
 92312 | Slime:5  | Found a viscous altar of Jiyva.
 92314 | Slime:5  | Identified the ring of Gluttony {Ice Will+ Str+3 Int+2
                  | Dex-5}
 92315 | Slime:5  | Identified the amulet of the Original Sin {Spirit rN+ rCorr
                  | Dex+4}
 92316 | Slime:5  | Identified Dulut's Tome of Transformation
 92316 | Slime:5  | Identified the +4 mace "Baeprups" {protect, rPois}
 92445 | Slime:5  | Noticed the Royal Jelly
 93177 | Slime:5  | Reached skill level 23 in Fighting
 93221 | Slime:5  | Killed by an exploding fulminant prism

Illustrated notes ..)#..............# .##.##.....#.###### ######..####.# #..####.# #### #.......# .... #####.###### #### #.........# #.#####.#.######### #.....))@...# #.#.####........ #.#.# #.##.###. #.#.# #.# # ....# #.# .#### #.# #.# #.# Turn 3350 on D:3: !bestwep # #.# #. #.# #.....# #.###.# #.....# #.....####+###.....# #..................# #.................. #................. #......######...# #......# #..@# #......######...##..# #..................... ###################### Turn 15674 on D:10: !bestwep , , , .# ...#..... , , ,,. ..#...... , ,, # #. ......... , #.#o##...... ., , , ,(.o.......... , #(.....#.... , ** #)........# , #)@.....# #.......... , #............ , <......##...... , #.#.#.# #..... , , # #### #.... #### Turn 33616 on Orc:2: !bestwep ..........## * ......##.## .......?.# .###.##..# , ........######### * ###.............# * ##.#.####.###.# #.#.# #.# #.# *, ,,#.#.# *#.# #@# * * . #.# *... #.#, ** , ,* #. ...{#§# * ,,, .. ..^.J{zO#,* * #. ..uJ..§☼§, .....§§§#.* * .....§#.#.# .#(.§##(. .* * * ##<. .(# #. Turn 35537 on D:13: !bestwep #..# ,,,, , , #...# #..# ,, +, , #...# #..# ∩ , ,, ,#...# #..# ,, ,#...# ..(# , #.### #..#* * * + *#.# #..#,,, , #.# ##.# , , ,#.# ##.#, , ⌠, #@# ...# , ,+,,, #.# ...#,, *, {#.## ...##+++########..# ..................# ........#.........# ^......#####......# +####### ###.#### .. #.# Turn 38899 on D:14: !bestwep #######.....^ , , #............ * , #............ , * #.......^.... * ,, * ##............ , , #............. * #............. * ^ ##.^..........., * #######.....@....##[| * ...#.............#* , , *...^............# , * *#^............#* ,,, #......####.#.# , #......# *##.# ^ , #.^...## ** # ####..# *** #### , , , * Turn 46138 on Spider:2: !bestwep .≈≈≈≈.<...# ###......≈≈ ≈≈≈≈......## ####..≈....≈≈≈ ≈≈≈≈.......## #####........≈≈≈ ≈.≈≈.(####..# #####..≈≈≈≈...≈≈≈≈ .....#####..# ####.....≈≈≈≈≈≈≈≈≈≈ ≈...........####......≈≈≈≈≈≈≈≈≈≈≈ ..≈..≈....###....≈≈≈≈≈≈≈≈≈≈≈≈≈≈≈≈ ..........# ##...≈≈≈≈≈≈≈≈≈≈≈≈≈≈≈≈ ≈.........# #..@...≈≈≈≈≈≈≈≈≈≈≈≈≈ ≈....≈≈...####....≈≈≈≈≈≈≈≈≈≈≈≈≈≈ ≈≈....≈≈≈.........≈≈≈≈≈≈≈≈≈≈≈≈≈≈≈ ≈≈..###≈.....###.....≈≈.≈≈≈≈ ≈≈ ≈≈..###.≈≈...###.....≈≈≈≈≈ ≈≈≈ ≈≈≈.##..........[≈≈.≈≈≈≈≈ ≈≈≈ ≈ ..≈...?...≈.....≈≈...≈≈. ≈ ...≈......≈≈≈...≈....$.. ,≈ ≈ ...≈≈≈≈≈........≈ ,,, , ≈ ≈≈ Turn 55758 on Shoals:2: !bestwep #...................#### #....................... ######.########.#######. #.# #.# #####. #.# #.# #####. ##.#### ##.#######. ######.########.#######. #.!.............######.. * ###@...............# ###.........####..## ###.........####.##. ###.........###..#.. ##.........##..##.. #######.........##.##.). #..................#)..# #..................[#### #..............)........ Turn 73647 on Depths:4: !bestwep

...# #.....######................
...# ##.........#####.....#######
.., ######.........####.##).∆∆.#
.. * ###).######.......###($.∆.#
.., ###.(()...#####.....##|(.(#
..∆* ####.|...).).)####[..##[(#
.. #####.:.|.(!..).}##[##[!#* ..
#####.[))):...)((:.())# #+**
######"..@.)[....($### # ,,
########....=..)$##### #
######################### ,, *
*** *##################### * , ,
, ,, ,#........#......... *,,,
#.......#........'......... ,*
,,,'.......'........#.........
,,##+###+############'###'#######
,.'........e.....................


Turn 83848 on Elf:3: !bestwep

Levels and vault maps discovered:
D:1:      minmay_arrival_stair_chambers, layout_loops_ring
D:2:      layout_loops_ring, st_stairs_12, grunt_ministairs_1,
          minmay_close_crescents
D:3:      layout_loops_corners, nicolae_ru_awakened_eye,
          dreamdust_ecumenical_altar_statues, minmay_randomly_rotated_circles
D:4:      layout_basic, minmay_temple_entry_gardened_gates, minmay_statues_item,
          grunt_ministairs_6, chequers_serial_rivers_small_a,
          minmay_increasing_density, uniq_duvessa
D:5:      layout_basic, nicolae_overflow_hidden_temple, uniq_sigmund,
          uniq_menkaure
D:6:      cheibrodos_helix_gallery, layout_layer_cave, uniq_eustachio
D:7:      layout_loops_corners, minmay_misc_feat_alley,
          kennysheep_generic_room_15, uniq_harold
D:8:      layout_loops_ring, mainiacjoe_overflow_concentric_impassable,
          nicolae_hepliaklqana_monster_ancestors, erik_lair_island,
          minmay_misc_feat_hallway, hellmonk_guarded_unrand_night, uniq_joseph
D:9:      layout_basic
D:10:     layout_stronghold, enter_bailey_3, serial_bayou_crossing,
          uniq_gastronok, uniq_sonja, uniq_maggie
D:11:     hellmonk_ruined_rings, layout_stronghold, nrook_mini_vaults,
          fedhas_altar_2
D:12:     layout_loops_ring, due_unseen_surprise
D:13:     layout_loops_ring, serial_shops, shop_statue
D:14:     layout_roguey [special_room_orc], grunt_vaults_entry_tiered,
          serial_bayou, serial_bayou_shore_b, serial_bayou_pond_a,
          serial_bayou_pond_b, serial_bayou_pond_e, enter_trove_3,
          nicolae_shop_sticking_my_neck_out, uniq_azrael, uniq_louise
D:15:     gammafunk_depths_entry_grave, layout_basic,
          nicolae_tso_swordbearing_angel, minivault_20
Temple:   eino_narrow_crystal_temple
Lair:1:   layout_regular_city, gammafunk_ghost_abyssal_escape, minivault_24,
          grunt_megastairs_3, uniq_urug
Lair:2:   layout_regular_city, elwin_shoals_entry_stream, nicolae_lair_lindhole
Lair:3:   layout_concentric_octagons, gammafunk_ghost_berserking_beasts,
          minmay_stone_trees_small
Lair:4:   layout_regular_city, hellmonk_spider_entry_life_and_decay,
          chequers_serial_rivers_small_a, grunt_forest_large_clearings
Lair:5:   layout_loops_ring, minmay_slime_entry_pillars,
          chequers_serial_rivers_micro_e, infiniplex_staircase_pool_2
Lair:6:   grunt_lair_end_beastmaster, layout_gridlike
Shoals:1: layout_shoals, uniq_frances
Shoals:2: layout_shoals, uniq_polyphemus, uniq_ilsuiw
Shoals:3: layout_shoals
Shoals:4: shoals_end_grunt_garden, layout_shoals
Spider:1: layout_spider_delve
Spider:2: layout_cave_pods
Spider:3: cheibrodos_forgotten_conduit, nicolae_spider_bug_shape
Spider:4: grunt_spider_rune_circles, nicolae_spider_circle_web
Slime:1:  nicolae_slime_jelly_donut, layout_caves,
          cheibrodos_slime_lost_civilization_7
Slime:2:  layout_caves
Slime:3:  layout_caves, nicolae_slime_phagocytosis
Slime:4:  layout_caves
Slime:5
Orc:1:    giant_chief_lemuel, layout_diamond_mine
Orc:2:    st_orc_elflike, layout_caves, minmay_orc_temple_b, uniq_saint_roka,
          uniq_nessos
Elf:1:    eino_elf_arrival_altar, layout_gridlike, serial_shops,
          nicolae_shop_statue_plus, hangedman_elf_represent, grunt_megastairs_4
Elf:2:    nicolae_elf_blades_splatter_lattice
          [nicolae_blade_entry_sentries_behind_glass], layout_onion_city,
          portal_desolation_entry_nicolae_nacl, serial_shops, shop, st_stairs_5
Elf:3:    minmay_elf_hall_circle, layout_geoelf_castle, serial_sigils,
          serial_sigils_hangedman_stare, serial_sigils_hangedman_quiver,
          uniq_roxanne
Depths:1: layout_gridlike, kennysheep_another_room,
          pf_vacation_house_of_asmodeus, nicolae_figureground_pulse
Depths:2: minmay_the_grid_octo_tiled_squarecenter_mashed
          [minmay_the_grid_octo_concentric, minmay_the_grid_octo_thin_diamonds,
          minmay_the_grid_octo_chip, minmay_the_grid_octo_teeth,
          minmay_the_grid_square_5x5_megaprize_open,
          minmay_the_grid_square_5x5_percent,
          minmay_the_grid_square_5x5_intrusive_squares,
          minmay_the_grid_square_5x5_spiral_small,
          minmay_the_grid_square_5x5_fancy_junction], layout_cave_shapes,
          grunt_pan_entry_in_and_out, hangedman_abyss_entry_splay, hell_entry,
          minmay_misc_feat_columns, serial_shops, shop, serial_bayou_shore_b
Depths:3: regret_index_uskayaw_diablada_macabre, layout_gridlike,
          enter_ziggurat_f, nicolae_abyss_entry_one_way_or_another,
          kennysheep_big_empty_room, hell_entry, minmay_misc_feat_chi,
          minmay_staircase_bubble
Depths:4: grunt_zot_entry_tricorne, layout_small_grid, grunt_gozag_breadcrumbs,
          abyss_entry_flame_altar, mu_enter_wizlab_7, pf_coc_iceberg,
          infiniplex_staircase_pool_lava, minmay_shop_grove,
          serial_bayou_shore_b, uniq_frederick, uniq_margery

Skill      XL: |  1  2  3  4  5  6  7  8  9 10 11 12 13 14 15 16 17 18 19 20 21 22 23 24 |
---------------+-------------------------------------------------------------------------+-----
Fighting       | 1 2 3 4 5 7 9 11 12 13 14 15 16 17 18 19 20 21 22 23 | 23.0
Spellcasting   | 4 5 6 7 9 10 11 12 13 14 15 16 17 18 19 | 19.3
Dodging        | 6 8 9 10 11 | 11.3
Stealth        | 4 5 7 8 10 11 | 11.7
Evocations     | 2 |  2.8
Bows           | 1 6 9 11 13 14 15 | 15.5

Action                   |  1- 3 |  4- 6 |  7- 9 | 10-12 | 13-15 | 16-18 | 19-21 | 22-24 || total
-------------------------+-------+-------+-------+-------+-------+-------+-------+-------++-------
Melee: Mace              |       |     5 |     2 |       |       |       |       |       ||     7
       Short sword       |       |     3 |       |       |       |       |       |       ||     3
       Flail             |       |       |     3 |    10 |       |       |       |       ||    13
       Quarterstaff      |       |       |       |    21 |    57 |       |       |       ||    78
       Longbow           |       |       |       |       |       |       |     5 |       ||     5
 Fire: Longbow           |       |       |       |       |    34 |   361 |   573 |   773 ||  1741
 Cast: Magic Dart        |    53 |    84 |    15 |       |     4 |     1 |       |       ||   157
       Searing Ray       |     3 |    19 |    44 |    61 |    13 |     1 |     2 |       ||   143
       Fulminant Prism   |       |     1 |    18 |    21 |    36 |    89 |     3 |     6 ||   174
       Corpse Rot        |       |     1 |     2 |     1 |     1 |       |       |       ||     5
       Dazzling Flash    |       |     1 |       |     1 |       |       |       |       ||     2
       Vampiric Draining |       |       |     8 |     9 |    41 |   121 |    68 |     8 ||   255
       Iskenderun's Myst |       |       |     6 |    21 |    89 |   222 |   110 |   111 ||   559
       Summon Guardian G |       |       |       |     2 |     3 |     9 |     3 |       ||    17
       Freezing Cloud    |       |       |       |    60 |   235 |   162 |   223 |    95 ||   775
       Sting             |       |       |       |       |    16 |     2 |       |       ||    18
       Death Channel     |       |       |       |       |       |     4 |       |     1 ||     5
       Summon Cactus Gia |       |       |       |       |       |       |     8 |     5 ||    13
       Haunt             |       |       |       |       |       |       |    59 |    59 ||   118
       Silence           |       |       |       |       |       |       |     1 |       ||     1
       Enfeeble          |       |       |       |       |       |       |       |     1 ||     1
Invok: Curse Item        |       |       |       |     4 |     2 |     2 |     3 |       ||    11
       Shatter the Chain |       |       |       |     1 |     2 |     1 |       |     1 ||     5
Evoke: Wand              |       |       |       |       |       |       |       |     2 ||     2
  Use: Scroll            |     2 |     6 |     9 |     4 |     2 |     6 |       |     8 ||    37
       Potion            |       |       |       |     1 |       |     5 |     1 |     1 ||     8
Armor: Robe              |     3 |     2 |     2 |       |       |       |       |       ||     7
       Leather armour    |       |       |    10 |    42 |    27 |    76 |    27 |    25 ||   207
Dodge: Dodged            |     3 |    24 |    25 |    74 |   131 |   408 |   335 |   292 ||  1292
